 Dungeon Crawl Stone Soup version 0.26-a0-712-ga5a9c9c9d0 (webtiles) character file.

Game seed: 14646121814070525499

330079 Azzok the Severer (level 20, -2/159 HPs)
             Began as a Demonspawn Fighter on Nov 3, 2020.
             Was the Champion of Okawaru.
             Slain by an Executioner (10 damage)
             ... on level 3 of the Abyss.
             The game lasted 01:33:29 (66213 turns).

Azzok the Severer (Demonspawn Fighter)             Turns: 66213, Time: 01:33:30

Health: -2/159     AC: 31    Str: 23    XL:     20   Next: 84%
Magic:  0/34       EV: 11    Int: 16    God:    Okawaru [******]
Gold:   2211       SH: 27    Dex: 12    Spells: 19/19 levels left

rFire    + + .     SeeInvis +   b - +6 broad axe (venom)
rCold    + + .     Faith    .   U - +0 tower shield {rC+ rF+}
rNeg     + . .     Spirit   +   w - +3 plate armour {rC+}
rPois    +         Reflect  +   P - +2 helmet {Int+3}
rElec    +         Harm     .   K - +2 cloak {MR+}
rCorr    .         Rampage  .   X - +4 pair of gloves of Elyvilon's Envy {rElec rF+}
MR       ++...                  (boots unavailable)
Stlth    ..........             p - amulet of Lies {Reflect Fragile rN+ Slay+2 SH+5 SInv}
HPRegen  0.36/turn              x - +4 ring of protection
MPRegen  0.48/turn              J - ring of poison resistance

@: about to teleport, studying Armour
A: hooves 3, iridescent scales 2, deformed body, powered by pain 3, robust 1,
screaming 1, wild magic 1, magic shield, magic regeneration
}: 2/15 runes: decaying, serpentine
a: Heroism, Finesse, Renounce Religion


You were on level 3 of the Abyss.
You worshipped Okawaru.
Okawaru was exalted by your worship.
You visited 8 branches of the dungeon, and saw 36 of its levels.
You visited the Abyss 2 times.
You also visited: Sewer.

You collected 5092 gold pieces.
You spent 2881 gold pieces at shops.

Inventory:

Hand Weapons
 a - a +2 broad axe of flaming
 b - a +6 broad axe of venom (weapon)
 R - the +1 broad axe "Zodaob" {vorpal, +Rage rC+ MR+ Str+2}
   (Okawaru gifted it to you on level 15 of the Dungeon)

   It inflicts extra damage upon your enemies.
   It affects your strength (+2).
   It protects you from cold.
   It affects your resistance to hostile enchantments.
   It lets you go berserk.
Missiles
 t - 2 throwing nets (quivered)
Armour
 w - a +3 plate armour of cold resistance (worn)
 K - a +2 cloak of magic resistance (worn)
 P - a +2 helmet of intelligence (worn)
 U - a +0 tower shield of resistance (worn)
 X - the +4 pair of gloves of Elyvilon's Envy (worn) {rElec rF+}
   (You took it off Nikola on level 3 of the Snake Pit)

   It protects you from fire.
   It insulates you from electricity.
Jewellery
 f - an uncursed ring of flight
 p - the amulet of Lies (around neck) {Reflect Fragile rN+ Slay+2 SH+5 SInv}
   (You found it on level 1 of the Lair of Beasts)

   [amulet of reflection]

   It shields you and reflects attacks.
   It affects your accuracy and damage with ranged weapons and melee attacks
   (+2).
   It protects you from negative energy.
   It lets you see invisible.
   It will be destroyed if unequipped.
   It affects your SH (+5).
 r - an uncursed ring of resist corrosion
 x - a +4 ring of protection (left hand)
 G - an uncursed ring of protection from fire
 J - a ring of poison resistance (right hand)
 Z - an uncursed ring of protection from cold
Wands
 H - a wand of iceblast (21)
 I - a wand of paralysis (35)
 L - a wand of acid (29)
 M - a wand of flame (120)
 Q - a wand of disintegration (22)
 Y - a wand of digging (4)
Scrolls
 g - 10 scrolls of blinking
 j - 5 scrolls of magic mapping
 n - 20 scrolls of identify
 o - 3 scrolls of fog
 q - 8 scrolls of enchant armour
 s - 17 scrolls of enchant weapon
 v - 5 scrolls of amnesia
 y - 18 scrolls of teleportation
 C - 10 scrolls of fear
 O - 3 scrolls of summoning
 T - 2 scrolls of torment
 V - 15 scrolls of remove curse
Potions
 c - 5 potions of cancellation
 d - 8 potions of might
 e - 24 potions of curing
 h - 4 potions of mutation {!q}
 i - 6 potions of brilliance
 k - 5 potions of lignification
 l - 3 potions of heal wounds
 m - a potion of invisibility
 u - 4 potions of magic
 z - 5 potions of stabbing
 A - 7 potions of flight
 D - a potion of ambrosia
 E - 4 potions of berserk rage
 F - 4 potions of haste
 S - a potion of resistance
Books
 N - a manual of Armour
Miscellaneous
 B - a phantom mirror
 W - a lightning rod (4/4)


   Skills:
 + Level 9.4 Fighting
 + Level 20.4 Axes
 + Level 7.5 Armour
 - Level 14.0 Dodging
 - Level 18.4 Shields
 - Level 20.0 Invocations


You had 19 spell levels left.
You didn't know any spells.
Your spell library contained the following spells:

 Spells                   Type           Power        Failure   Level
 Animate Skeleton         Necr           #.....       100%        1
 Beastly Appendage        Tmut           #.....       100%        1
 Foxfire                  Conj/Fire      #...         100%        1
 Magic Dart               Conj           #...         100%        1
 Pain                     Necr           #...         100%        1
 Shock                    Conj/Air       #...         100%        1
 Sting                    Tmut/Pois      #...         100%        1
 Blink                    Tloc           N/A          100%        2
 Call Imp                 Summ           #.......     100%        2
 Corpse Rot               Necr/Air       N/A          100%        2
 Poisonous Vapours        Pois/Air       #.....       100%        2
 Searing Ray              Conj           #.....       100%        2
 Slow                     Hex            #.......     100%        2
 Swiftness                Air            #.......     100%        2
 Wereblood                Tmut           #.......     100%        2
 Confusing Touch          Hex            #.......     100%        3
 Conjure Flame            Conj/Fire      #.......     100%        3
 Dazzling Flash           Conj/Hex       #.....       100%        3
 Ignite Poison            Fire/Tmut/Pois #.......     100%        3
 Inner Flame              Hex/Fire       #.......     100%        3
 Mephitic Cloud           Conj/Pois/Air  #.......     100%        3
 Spider Form              Tmut/Pois      #.........   100%        3
 Static Discharge         Conj/Air       #.......     100%        3
 Stone Arrow              Conj/Erth      #.....       100%        3
 Vampiric Draining        Necr           #.........   100%        3
 Airstrike                Air            #.........   100%        4
 Animate Dead             Necr           #.........   100%        4
 Fulminant Prism          Conj/Hex       #.........   100%        4
 Ice Form                 Ice/Tmut       #.......     100%        4
 Iskenderun's Mystic Bla  Conj/Tloc      #.......     100%        4
 Leda's Liquefaction      Hex/Erth       #.........   100%        4
 Olgreb's Toxic Radiance  Pois           #.......     100%        4
 Petrify                  Tmut/Erth      #.......     100%        4
 Sticky Flame             Conj/Fire      #.......     100%        4
 Agony                    Necr           #.......     100%        5
 Blade Hands              Tmut           #.........   100%        5
 Bolt of Magma            Conj/Fire/Erth #.........   100%        5
 Borgnjor's Vile Clutch   Necr/Erth      #.........   100%        5
 Fireball                 Conj/Fire      #.........   100%        5
 Lightning Bolt           Conj/Air       #.........   100%        5
 Summon Demon             Summ           #.........   100%        5
 Summon Forest            Summ/Tloc      #.........   100%        5
 Summon Mana Viper        Hex/Summ       #.......     100%        5
 Conjure Ball Lightning   Conj/Air       #.........   100%        6
 Death Channel            Necr           #.........   100%        6
 Eringya's Noxious Bog    Tmut/Pois      #.........   100%        6
 Freezing Cloud           Conj/Ice/Air   #.........   100%        6
 Hydra Form               Tmut           #.........   100%        6
 Iron Shot                Conj/Erth      #.........   100%        6
 Shadow Creatures         Summ           N/A          100%        6
 Simulacrum               Ice/Necr       #.........   100%        6
 Statue Form              Tmut/Erth      #........    100%        6
 Spellforged Servitor     Conj/Summ      #.........   100%        7
 Summon Hydra             Summ           #.........   100%        7
 Ignition                 Fire           #.........   100%        8
 Dragon's Call            Summ           #.........   100%        9
 Shatter                  Erth           #.........   100%        9
 Tornado                  Air            #.........   100%        9


Dungeon Overview and Level Annotations

Branches:
Dungeon (15/15)            Temple (1/1) D:7            Lair (6/6) D:10
  Swamp (4/4) Lair:4        Snake (4/4) Lair:4        Slime (0/5) Lair:6
    Orc (2/2) D:10            Elf (3/3) Orc:2        Vaults (1/5) D:14
 Depths (0/5) D:15          Sewer (visited)

Altars:
Ashenzari
Cheibriados
Dithmenos
Elyvilon
Fedhas
Gozag
Hepliaklqana
Kikubaaqudgha
Makhleb
Nemelex Xobeh
Okawaru
Qazlal
Ru
Sif Muna
Trog
Uskayaw
Vehumet
Wu Jian
Xom
Yredelemnul
Zin
The Shining One
Beogh
Jiyva

Shops:
D:5 [   D:6 *   D:10 ?   Orc:2 ?:[?   Elf:3 }   Snake:1 !   Snake:4 ?:[:
Vaults:1 *

Portals:
Trove: D:10 (show slimy rune of Zot)

Annotations:
D:5 2 transporters
D:6 1 runed translucent door, PanSaczeczos's ghost, novice VSFi
D:12 1 runed translucent door, Baus Vea's ghost, journeyman HaGl


Innate Abilities, Weirdness & Mutations

You have hooves in place of feet.
You are mostly covered in iridescent scales. (AC +4)
You are powered by pain.
You are robust. (+10% HP)
When hurt, damage is shared between your health and your magic reserves.
You regenerate magic rapidly.
Armour fits poorly on your strangely shaped body.
You occasionally shout uncontrollably at your foes.
Your spells are a little harder to cast, but a little more powerful.


Message History

The Executioner closely misses you.
The Executioner hits you but does no damage.
You block the Executioner's attack.
The unseen horror completely misses you.
You feel like a meek peon again. The Executioner gestures at you.
You resist with almost no effort. You block the unseen horror's attack.
The Executioner hits you but does no damage.
You block the Executioner's attack. x3
The Executioner hits you but does no damage. x2
You block the Executioner's attack. x2
The Executioner hits you but does no damage.
The unseen horror hits you but does no damage.
The Executioner gestures at you.
You are unaffected.
A kobold comes into view.
The kobold shouts!
You hear a shout!
You block the unseen horror's attack. The Executioner hits you!
* * * LOW MAGIC WARNING * * *
You die...

▒ ▒···▒▒▒···▒▒▒···
····▒··(··▒·····▒····
▒····················▒
▒····················
▒····················
▒·····▒·····▒·X···▒·· ·
▒····▒▒▒···▒▒▒··(▒▒ ···
▒·····▒·····▒··1x·▒·····
▒▒·· ··········@·····▒
·· ·················▒ ·
··················▒
··▒·····▒·····▒·····
▒···▒▒▒···▒▒▒···K ····
····· ···· ·· ······ ·▒·
······· ▒


You could see an Executioner (fast), a large abomination, an unseen horror
(invisible, poisoned) and a kobold.

Vanquished Creatures
  Mara (Swamp:4)
  Saint Roka (Snake:3)
  Vashnia (Snake:3)
  Nikola (Snake:3)
  Jorgrun (D:14)
  3 deep elf blademasters
  Gastronok (D:8)
  2 thorn hunters
  Roxanne (Snake:3)
  10 nagarajas
  3 vault wardens (Vaults:1)
  10 deep elf sorcerers
  Aizul (Snake:3)
  2 orc warlords (Orc:1)
  Louise (Snake:4)
  2 ironheart preservers (Vaults:1)
  3 deep elf elementalists (Elf:3)
  3 deep elf demonologists (Elf:3)
  The ghost of Asymodius the Cleaver, a journeyman DsFi of Okawaru (D:15)
  9 deep elf annihilators
  4 deep elf death magi
  Snorg (D:12)
  4 deep elf high priests (Elf:3)
  A fire dragon (Lair:6)
  Josephine (D:13)
  A yaktaur captain (Vaults:1)
  A great orb of eyes (Vaults:1)
  2 rakshasas
  An ice dragon (Vaults:1)
  4 ogre magi
  10 naga warriors
  28 hydras
  3 boulder beetles
  6 vault guards
  An ice dragon (shapeshifter) (Vaults:1)
  A centaur warrior (Vaults:1)
  A catoblepas (Lair:3)
  A shambling mangrove (Swamp:2)
  8 anacondas
  16 death yaks
  15 alligators
  12 two-headed ogres
  A deep troll earth mage (D:15)
  24 dancing weapons
  21 naga sharpshooters
  5 orc high priests
  6 shock serpents
  A small abomination (Elf:3)
  14 deep elf knights
  3 salamander mystics
  9 skeletal warriors (Vaults:1)
  2 sixfirhies (Abyss:2)
  A fire crab (Lair:6)
  3 spriggan druids
  2 tengu zombies (Vaults:1)
  3 wizards
  4 unseen horrors
  13 swamp dragons
  A deep troll (shapeshifter) (Elf:2)
  4 ironbrand convokers (Vaults:1)
  4 lindwurms
  3 harpies (Vaults:1)
  8 naga ritualists
  12 deep elf archers
  13 mana vipers
  9 orc knights
  3 wolf spiders (Vaults:1)
  2 necromancers (Vaults:1)
  4 oklob plants (Lair:1)
  A shining eye (shapeshifter) (D:15)
  7 orc sorcerers
  62 deep elf magi
  4 cyclopes
  2 manticores
  26 ugly things
  13 salamanders
  37 black mambas
  27 naga magi
  A moth of wrath (shapeshifter) (Vaults:1)
  A torpor snail (Lair:6)
  5 guardian serpents
  4 vault sentinels (Vaults:1)
  5 elephants (Lair:5)
  10 cane toads
  3 molten gargoyles (Lair:6)
  11 komodo dragons
  6 centaur skeletons
  4 gargoyles
  2 rime drakes
  2 kobold demonologists
  A human zombie (Vaults:1)
  5 yaktaurs
  An ancient zyme (Vaults:1)
  7 tyrant leeches
  A polar bear (Lair:4)
  9 trolls
  3 raiju (Abyss:2)
  A blink frog (shapeshifter) (D:15)
  15 blink frogs
  10 hornets
  2 large abominations
  30 slime creatures
  8 bog bodies
  A frost giant simulacrum (Vaults:1)
  A boulder beetle zombie (Vaults:1)
  5 spriggans
  6 wraiths
  A ynoxinul (Abyss:3)
  3 shadows
  35 yaks
  3 vampires
  5 air elementals
  A dire elephant simulacrum (Lair:2)
  2 fire bats (Abyss:3)
  4 fire elementals
  4 wyverns
  5 basilisks
  10 humans (D:14)
  5 water elementals
  5 vampire mosquitoes
  2 steam dragons
  2 human simulacra (Vaults:1)
  A neqoxec (Abyss:2)
  5 wargs
  12 insubstantial wisps
  48 nagas
  20 swamp worms
  3 acid dragons
  A hydra simulacrum (Lair:2)
  4 hell hounds (Lair:6)
  17 water moccasins
  A hornet zombie (D:12)
  10 swamp drakes
  48 orc warriors
  4 sky beasts
  2 black bears
  9 ice beasts
  A black bear (shapeshifter) (D:15)
  2 phantoms
  22 ogres
  3 boggarts (D:15)
  2 necrophages
  40 wolves
  A boulder beetle simulacrum (Lair:2)
  6 centaurs
  5 big kobolds
  Blork the orc (Orc:1)
  16 bullfrogs
  6 gnoll sergeants
  2 human skeletons (Vaults:1)
  3 earth elementals
  A cane toad simulacrum (Lair:2)
  2 scorpions
  8 killer bees
  9 wights
  A howler monkey (D:5)
  4 electric eels
  5 lava snakes (Lair:6)
  2 bullfrog zombies
  5 bullfrog skeletons
  5 centaur zombies
  14 starcursed masses (Abyss:3)
  18 hounds
  27 orc wizards
  17 orc priests
  A water moccasin simulacrum (Lair:2)
  6 jellies
  An iguana (D:11)
  5 hell rats (Lair:2)
  6 worker ants
  A hound zombie (D:6)
  A howler monkey zombie (D:4)
  12 gnolls
  A howler monkey skeleton (D:4)
  24 adders
  A shadow imp (D:6)
  3 white imps
  4 ufetubi
  An ooze (D:4)
  3 adder skeletons
  8 worms
  A dart slug (D:1)
  9 leopard geckos
  105 orcs
  3 ball pythons
  14 giant cockroaches
  12 goblins
  7 hobgoblins
  15 jackals
  5 quokkas
  10 bats
  7 frilled lizards
  A jackal skeleton (D:6)
  24 kobolds
  A leopard gecko skeleton (D:4)
  2 quokka skeletons
  A quokka zombie (D:9)
  10 rats
  3 crawling corpses
1501 creatures vanquished.

Vanquished Creatures (others)
  A frost giant (D:15)
  A dancing weapon (Elf:1)
  4 skeletal warriors (D:14)
  A deep elf mage (Elf:1)
  2 naga magi (Snake:3)
  A black mamba (Lair:6)
  An ogre (Vaults:1)
  A briar patch (Swamp:4)
  43 fungi
  18 plants
  2 withered plants (D:12)
75 creatures vanquished.

Grand Total: 1576 creatures vanquished

Notes
Turn   | Place    | Note
-------+----------+-------------------------------------------
     0 | D:1      | Azzok the Demonspawn Fighter began the quest for the Orb.
     0 | D:1      | Reached XP level 1. HP: 18/18 MP: 1/1
   199 | D:1      | Gained mutation: You sometimes gain a little power by
                  | taking damage. [demonic ancestry]
   199 | D:1      | Reached XP level 2. HP: 24/24 MP: 2/2
   690 | D:1      | Gained mutation: You are partially covered in iridescent
                  | scales. (AC +2) [demonic ancestry]
   690 | D:1      | Reached XP level 3. HP: 24/30 MP: 3/3
  1626 | D:2      | Gained mutation: You have large cloven feet. [demonic
                  | ancestry]
  1626 | D:2      | Reached XP level 4. HP: 37/37 MP: 4/4
  2795 | D:3      | Gained mutation: You sometimes gain power by taking damage.
                  | [demonic ancestry]
  2795 | D:3      | Reached XP level 5. HP: 41/42 MP: 5/5
  3150 | D:3      | You fall into a shaft and drop 2 floors!
  3150 | D:5      | Entered Level 5 of the Dungeon
  3158 | D:5      | Found a transporter.
  3634 | D:5      | Gained mutation: You have hoof-like feet. [demonic
                  | ancestry]
  3634 | D:5      | Reached XP level 6. HP: 42/48 MP: 6/6
  3730 | D:4      | Found a glowing drain.
  3760 | Sewer    | Entered a sewer
  3763 | Sewer    | Reached skill level 5 in Shields
  4467 | D:4      | Reached XP level 7. HP: 54/54 MP: 7/7
  4474 | D:4      | You fall into a shaft and drop 2 floors!
  4502 | D:5      | Reached skill level 5 in Axes
  5103 | D:5      | Found Plog's Antique Armour Shop.
  5288 | D:5      | Noticed a kobold demonologist
  5292 | D:5      | Found a transporter.
  5581 | D:5      | Gained mutation: You are mostly covered in iridescent
                  | scales. (AC +4) [demonic ancestry]
  5581 | D:5      | Reached XP level 8. HP: 60/60 MP: 8/8
  6398 | D:6      | Found a runed translucent door.
  6402 | D:6      | Found a shimmering altar of Xom.
  6402 | D:6      | Noticed PanSaczeczos's ghost (novice VSFi)
  6402 | D:6      | Noticed a +1 flail of chaos
  6808 | D:6      | Found Rowittuq's Assorted Antiques.
  6977 | D:7      | Found a staircase to the Ecumenical Temple.
  6995 | Temple   | Entered the Ecumenical Temple
  7134 | Temple   | Became a worshipper of Warmaster Okawaru
  7227 | D:7      | Found a bloodstained altar of Trog.
  7233 | D:7      | Reached skill level 1 in Invocations
  7267 | D:7      | Gained mutation: When hurt, damage is shared between your
                  | health and your magic reserves. [demonic ancestry]
  7267 | D:7      | Reached XP level 9. HP: 59/65 MP: 8/10
  7621 | D:8      | Noticed Gastronok
  8007 | D:8      | Killed Gastronok
  8007 | D:8      | Reached * piety under Okawaru
  8007 | D:8      | Reached ** piety under Okawaru
  8007 | D:8      | Reached *** piety under Okawaru
  8815 | D:8      | Noticed a two-headed ogre
  8834 | D:8      | Killed a two-headed ogre
  8834 | D:8      | Reached **** piety under Okawaru
  8834 | D:8      | Gained mutation: You are powered by pain. [demonic
                  | ancestry]
  8834 | D:8      | Reached XP level 10. HP: 45/71 MP: 13/15
  9146 | D:8      | Got a pitted pewter ring
  9150 | D:8      | Identified the ring "Silluach" {Int+6 Dex+3} (You found it
                  | on level 8 of the Dungeon)
  9945 | D:9      | Reached ***** piety under Okawaru
  9955 | D:9      | Reached skill level 10 in Shields
 10201 | D:9      | Noticed a two-headed ogre
 10231 | D:9      | Killed a two-headed ogre
 10509 | D:9      | Found a sparkling altar of Nemelex Xobeh.
 11239 | D:10     | Entered Level 10 of the Dungeon
 11294 | D:10     | Found a staircase to the Lair.
 11313 | D:10     | Gained mutation: You have hooves in place of feet. [demonic
                  | ancestry]
 11313 | D:10     | Reached XP level 11. HP: 77/77 MP: 18/18
 11494 | D:10     | Found a staircase to the Orcish Mines.
 11807 | D:10     | Reached skill level 10 in Axes
 11932 | D:10     | Found Acianto's Magic Scroll Shoppe.
 11943 | D:10     | Bought a scroll of fear for 59 gold pieces
 11943 | D:10     | Bought a scroll of teleportation for 51 gold pieces
 11943 | D:10     | Bought a scroll of teleportation for 51 gold pieces
 11943 | D:10     | Bought a scroll of random uselessness for 17 gold pieces
 11943 | D:10     | Bought a scroll of enchant armour for 127 gold pieces
 11943 | D:10     | Bought a scroll of blinking for 127 gold pieces
 11976 | D:10     | Killed an unseen horror
 11976 | D:10     | Reached skill level 10 in Invocations
 12790 | D:10     | Found a portal to a secret trove of treasure.
 12892 | D:10     | Killed an unseen horror
 12892 | D:10     | Reached ****** piety under Okawaru
 12939 | D:10     | Received a gift from Okawaru
 13435 | D:11     | Noticed a white ugly thing
 13443 | D:11     | Killed a white ugly thing
 13475 | D:11     | Noticed a two-headed ogre
 13489 | D:11     | Killed a two-headed ogre
 13646 | D:11     | Noticed a brown ugly thing
 13663 | D:11     | Killed a brown ugly thing
 15540 | D:11     | Received a gift from Okawaru
 15543 | D:11     | Got a faintly glowing flail {god gift}
 15544 | D:11     | Identified the +1 flail of Joyful Slaughter {freeze, rC+}
                  | (Okawaru gifted it to you on level 11 of the Dungeon)
 15858 | D:12     | Gained mutation: You regenerate magic rapidly. [demonic
                  | ancestry]
 15858 | D:12     | Reached XP level 12. HP: 76/83 MP: 17/20
 15890 | D:12     | Noticed Snorg
 15913 | D:12     | Killed Snorg
 16270 | D:12     | Found a runed translucent door.
 16270 | D:12     | Noticed Baus Vea's ghost (journeyman HaGl)
 17321 | D:13     | Noticed a two-headed ogre
 17333 | D:13     | Killed a two-headed ogre
 17333 | D:13     | Received a gift from Okawaru
 17336 | D:13     | Got a pair of translucent gloves {god gift}
 17337 | D:13     | Identified the -5 pair of gloves of Qaal {Dex+2} (Okawaru
                  | gifted it to you on level 13 of the Dungeon)
 17555 | D:13     | Noticed Josephine
 17575 | D:13     | Killed Josephine
 18553 | D:14     | Noticed a vault guard
 18557 | D:14     | Noticed a vault guard
 18573 | D:14     | Killed a vault guard
 18599 | D:14     | Killed a vault guard
 18712 | D:14     | Found a gate to the Vaults.
 19279 | D:14     | Noticed a boulder beetle
 19303 | D:14     | Killed a boulder beetle
 19671 | Lair:1   | Entered Level 1 of the Lair of Beasts
 19759 | Lair:1   | Reached XP level 13. HP: 50/88 MP: 16/23
 20360 | Lair:1   | Found an ornate altar of the Wu Jian Council.
 21271 | Lair:1   | HP: 4/88 [acid (4)]
 22104 | Lair:1   | Got a clouded bone amulet
 22115 | Lair:1   | Identified the amulet of Lies {Reflect Fragile rN+ Slay+2
                  | SH+5 SInv} (You found it on level 1 of the Lair of Beasts)
 22558 | Lair:2   | Found a transporter.
 22708 | Lair:2   | Received a gift from Okawaru
 22732 | Lair:2   | Found a transporter.
 24705 | Lair:2   | Received a gift from Okawaru
 25293 | Lair:3   | Reached skill level 15 in Invocations
 27315 | Lair:4   | Found a staircase to the Snake Pit.
 27470 | Lair:4   | Reached XP level 14. HP: 89/95 MP: 23/25
 28660 | Lair:4   | Received a gift from Okawaru
 28790 | Lair:4   | Found a staircase to the Swamp.
 29855 | Lair:6   | Entered Level 6 of the Lair of Beasts
 29857 | Lair:6   | Found a viscous altar of Jiyva.
 29878 | Lair:6   | HP: 4/95 [eight-headed hydra (7)]
 31590 | Lair:6   | Received a gift from Okawaru
 31660 | Lair:6   | Got a smelly plate armour {god gift}
 31882 | Lair:6   | Identified the +2 plate armour of Indomitability {*Slow
                  | Str+9} (Okawaru gifted it to you on level 6 of the Lair of
                  | Beasts)
 31917 | Lair:6   | Found a staircase to the Slime Pits.
 33150 | Lair:6   | Found a large runed translucent door.
 33150 | Lair:6   | Found a large runed translucent door.
 33166 | Lair:6   | Reached XP level 15. HP: 88/100 MP: 24/27
 34399 | Orc:1    | Entered Level 1 of the Orcish Mines
 35187 | Orc:1    | Noticed Blork the orc
 35193 | Orc:1    | Killed Blork the orc
 35216 | Orc:1    | Found a roughly hewn altar of Beogh.
 35288 | Orc:1    | Noticed an orc warlord
 35375 | Orc:1    | Killed an orc warlord
 35771 | Orc:2    | Entered Level 2 of the Orcish Mines
 35981 | Orc:2    | Reached skill level 15 in Shields
 36161 | Orc:2    | Noticed an orc warlord
 36616 | Orc:1    | Killed an orc warlord
 37706 | Orc:2    | Found Mewod's Magic Scroll Shop.
 37706 | Orc:2    | Found Wumicoem's Armour Emporium.
 37955 | Orc:2    | Found Kewnu's Magic Scroll Emporium.
 37955 | Orc:2    | Found Foun's Book Shop.
 37963 | Orc:2    | Bought a scroll of remove curse for 45 gold pieces
 37963 | Orc:2    | Bought a scroll of identify for 30 gold pieces
 37963 | Orc:2    | Bought a scroll of identify for 30 gold pieces
 37963 | Orc:2    | Bought a scroll of identify for 30 gold pieces
 37963 | Orc:2    | Bought 2 scrolls of teleportation for 90 gold pieces
 37966 | Orc:2    | Bought a scroll of identify for 26 gold pieces
 38068 | D:10     | Bought a scroll of acquirement for 884 gold pieces
 38071 | D:10     | Acquired a +2 vorpal broad axe
 38219 | D:14     | Noticed Jorgrun
 38230 | D:14     | Killed Jorgrun
 38230 | D:14     | Received a gift from Okawaru
 38230 | D:14     | Reached skill level 15 in Axes
 39134 | D:15     | Entered Level 15 of the Dungeon
 39268 | D:15     | Noticed Asymodius's ghost (journeyman DsFi)
 39280 | D:15     | Found a transporter.
 39287 | D:15     | Noticed a frost giant
 39288 | D:15     | Received a gift from Okawaru
 39292 | D:15     | Got a fading broad axe {god gift}
 39293 | D:15     | Identified the +1 broad axe "Zodaob" {vorpal, +Rage rC+ MR+
                  | Str+2} (Okawaru gifted it to you on level 15 of the
                  | Dungeon)
 39851 | D:15     | Reached XP level 16. HP: 59/106 MP: 16/29
 40042 | D:15     | Found a staircase to the Depths.
 40141 | D:15     | Found a transporter.
 40220 | D:15     | Found a sacrificial altar of Ru.
 40445 | D:15     | Received a gift from Okawaru
 40450 | D:15     | Killed Asymodius's ghost
 40750 | Swamp:1  | Entered Level 1 of the Swamp
 41497 | Swamp:1  | Got an ichor-stained chain mail
 41498 | Swamp:1  | Identified the cursed +0 chain mail of Hide-and-Seek
                  | {*Drain rC++ rN++} (You found it on level 1 of the Swamp)
 43372 | Swamp:3  | HP: 3/106 [shambling mangrove (13)]
 43764 | Swamp:2  | Received a gift from Okawaru
 43951 | Swamp:3  | Paralysed by a hornet for 3 turns
 45069 | Swamp:4  | Entered Level 4 of the Swamp
 45148 | Swamp:4  | Noticed Mara
 45150 | Swamp:4  | Noticed Azzok's illusion
 45151 | Swamp:4  | Noticed a thorn hunter
 45254 | Swamp:3  | Killed a thorn hunter
 45395 | Swamp:4  | Noticed Azzok's illusion
 45460 | Swamp:4  | Noticed Azzok's illusion
 45634 | Swamp:4  | Noticed Azzok's illusion
 45927 | Swamp:4  | Noticed Azzok's illusion
 45973 | Swamp:4  | Noticed Azzok's illusion
 45982 | Swamp:4  | Killed Mara
 45982 | Swamp:4  | Received a gift from Okawaru
 46486 | Swamp:4  | Reached XP level 17. HP: 62/111 MP: 25/31
 47195 | Swamp:4  | Received a gift from Okawaru
 47934 | Swamp:4  | Got a decaying rune of Zot
 48099 | Snake:1  | Entered Level 1 of the Snake Pit
 48651 | Snake:1  | Found Yskah's Distillery.
 48661 | Snake:1  | Bought 2 potions of heal wounds for 160 gold pieces
 48661 | Snake:1  | Bought a potion of heal wounds for 80 gold pieces
 48661 | Snake:1  | Bought a potion of heal wounds for 80 gold pieces
 48661 | Snake:1  | Bought a potion of curing for 48 gold pieces
 50219 | Snake:2  | Found a sacrificial altar of Ru.
 51075 | Snake:3  | Reached skill level 1 in Dodging
 51518 | Snake:3  | Received a gift from Okawaru
 52082 | Snake:3  | Noticed Saint Roka
 52115 | Snake:3  | Killed Saint Roka
 52115 | Snake:3  | Reached skill level 5 in Dodging
 52115 | Snake:3  | Reached XP level 18. HP: 14/118 MP: 8/32
 52131 | Snake:3  | Noticed Aizul
 52527 | Snake:3  | Killed Aizul
 52934 | Snake:3  | Identified the +4 pair of gloves of Elyvilon's Envy {rElec
                  | rF+}
 52934 | Snake:3  | Noticed Nikola
 52936 | Snake:3  | Noticed Vashnia
 52986 | Snake:3  | Killed Vashnia
 53088 | Snake:3  | Found a white marble altar of Elyvilon.
 53143 | Snake:3  | Killed Nikola
 53667 | Snake:3  | Identified Roxanne's Guide on Earth
 53667 | Snake:3  | Noticed Roxanne
 53683 | Snake:3  | Killed Roxanne
 53921 | Snake:4  | Entered Level 4 of the Snake Pit
 53923 | Snake:4  | Found Gourant's Book Boutique.
 54161 | Snake:4  | Found Tumaesok's Magic Scroll Shop.
 54173 | Snake:4  | Received a gift from Okawaru
 54697 | Snake:4  | Found Culu's Antique Armour Boutique.
 54697 | Snake:4  | Found Zymminou's Book Shop.
 54702 | Snake:4  | Bought 3 scrolls of blinking for 337 gold pieces
 54702 | Snake:4  | Bought a scroll of enchant weapon for 112 gold pieces
 54702 | Snake:4  | Bought a scroll of identify for 30 gold pieces
 54702 | Snake:4  | Bought a scroll of identify for 30 gold pieces
 54702 | Snake:4  | Bought a scroll of blinking for 112 gold pieces
 54702 | Snake:4  | Bought a scroll of teleportation for 45 gold pieces
 54702 | Snake:4  | Bought a scroll of fear for 52 gold pieces
 54713 | Snake:4  | Bought a spiked tower shield for 228 gold pieces
 54713 | Snake:4  | Identified the +5 tower shield of Rationality {MP+9} (You
                  | bought it in a shop on level 4 of the Snake Pit)
 54759 | Snake:4  | Noticed Louise
 54780 | Snake:4  | Killed Louise
 55666 | Snake:4  | Reached skill level 10 in Dodging
 56312 | Snake:4  | Identified the +2 robe of the Leaf {rC+ Int+5}
 56608 | Snake:4  | Received a gift from Okawaru
 56889 | Snake:4  | Got a serpentine rune of Zot
 57403 | Orc:2    | Found a staircase to the Elven Halls.
 57660 | Elf:1    | Entered Level 1 of the Elven Halls
 57841 | Elf:1    | Reached XP level 19. HP: 119/123 MP: 33/33
 59697 | Elf:2    | Found a shimmering blue altar of Sif Muna.
 59789 | Elf:2    | Found a runed translucent gate.
 59789 | Elf:2    | Found a runed translucent gate.
 59789 | Elf:2    | Found a runed translucent gate.
 59985 | Elf:2    | Gained mutation: Your spells are a little harder to cast,
                  | but a little more powerful. [a neqoxec]
 60567 | Elf:2    | Received a gift from Okawaru
 60969 | Elf:3    | Entered Level 3 of the Elven Halls
 61130 | Elf:3    | Found Sabuhoud's Gadget Shoppe.
 61912 | Elf:3    | Reached skill level 5 in Fighting
 62022 | Elf:3    | Noticed a Brimstone Fiend
 62854 | Elf:3    | Received a gift from Okawaru
 62905 | Elf:3    | Identified the cursed +0 dire flail of Autumn {freeze, MR+
                  | Str-5 Int+7}
 62905 | Elf:3    | Identified the ring of Calavaem {*Tele Dex+2}
 62919 | Elf:3    | Gained mutation: You are robust. (+10% HP) [demonic
                  | ancestry]
 62919 | Elf:3    | Reached XP level 20. HP: 129/148 MP: 34/34
 63306 | Elf:3    | Identified the +7 halberd "Ynuapri" {freeze, rElec Dex+5
                  | SInv Stlth-}
 63786 | Elf:3    | Identified the Handbook of Necromancy and Attacks
 63815 | Elf:3    | Identified The Intricacies of Spellcasting
 63854 | Elf:3    | Identified the Grimoire of the Birds
 63990 | Elf:3    | Identified the Grimoire of Contamination and Bewitchment
 64343 | Vaults:1 | Entered Level 1 of the Vaults
 64361 | Vaults:1 | Found Goca's General Store.
 65191 | Vaults:1 | Received a gift from Okawaru
 65232 | Vaults:1 | Reached skill level 5 in Armour
 65429 | Vaults:1 | Cast into level 3 of the Abyss (skeletal warrior)
 65504 | Vaults:1 | Escaped the Abyss
 65788 | Vaults:1 | Identified the cursed +1 rapier of the Enemy {vorpal, +Fly
                  | Str-5 Dex-4 SInv}
 65966 | Vaults:1 | Received a gift from Okawaru
 66009 | Vaults:1 | Cast into level 2 of the Abyss (vault guard)
 66087 | Abyss:2  | Gained mutation: Armour fits poorly on your strangely
                  | shaped body. [a neqoxec]
 66090 | Abyss:2  | Gained mutation: You occasionally shout uncontrollably at
                  | your foes. [a neqoxec]
 66119 | Abyss:3  | Found a sacrificial altar of Ru.
 66161 | Abyss:3  | Paralysed by accursed screaming for 2 turns
 66204 | Abyss:3  | HP: 2/159 [Executioner (10)]
 66209 | Abyss:3  | HP: 7/159 [Executioner (10)]
 66213 | Abyss:3  | Slain by an Executioner

Illustrated notes

Levels and vault maps discovered:
D:1:      lightli_arrival_maybe_door_vault, layout_loops_ring,
          minmay_misc_feat_tiny, kennysheep_another_room, minmay_pentomino_s4
D:2:      layout_loops_corners, minmay_box_of_dots
D:3:      layout_basic
D:4:      layout_loops_ring, portal_sewer_entry_f
D:5:      gammafunk_wand_slinger, layout_loops_ring, serial_shops, shop
D:6:      layout_loops_ring, serial_shops, kennysheep_mini_moat,
          ebering_ghost_xom
D:7:      layout_rooms, minmay_temple_entry_mini_moons, bloody_trog
D:8:      layout_layer_cave, kennysheep_generic_room_2, uniq_gastronok
D:9:      layout_loops_ring, nemelex_xobeh_ov_fountains_minmay,
          kennysheep_generic_room_15
D:10:     minmay_the_grid_four_pointed_star_mashed
          [minmay_the_grid_triangle_9x9_intruding_spiral,
          minmay_the_grid_triangle_9x9_steps,
          minmay_the_grid_triangle_9x9_empty,
          minmay_the_grid_triangle_9x9_semitri,
          minmay_the_grid_prize_four_corners_diamond_a], layout_irregular_city,
          kennysheep_orc_monster_closet_entryway, serial_shops,
          nicolae_shop_waterfront, nicolae_trove_entry_crystal
D:11:     layout_layer_cave
D:12:     layout_rooms, gammafunk_ghost_grave, uniq_snorg
D:13:     layout_rooms, fake_guardian_serpent_vault, uniq_josephine
D:14:     layout_basic, ximxim_vaults_locker_room, nrook_mini_vaults,
          uniq_jorgrun
D:15:     gammafunk_enter_depths_forms, layout_small_grid,
          gammafunk_ghost_arena, nicolae_ru_the_path_less_chosen
Temple:   kilobyte_greek_temple
Lair:1:   layout_cave_pods, lemuel_oklob_altar, grunt_megastairs_1,
          serial_bayou_shore_a, minmay_lair_oklob_chamber
Lair:2:   gammafunk_cloud_chamber, layout_regular_city
Lair:3:   beast_lair_carwin_large_3, layout_regular_city
Lair:4:   layout_cave_pods, nicolae_swamp_entry_splash_gauntlet,
          minmay_snake_entry_six_corridors, chequers_serial_rivers_micro_b,
          infiniplex_staircase_pool, lemuel_fruit_tree
Lair:5:   layout_cellular_growth, small_statue_intersection
Lair:6:   cheibrodos_lair_end_hotspot, layout_regular_city, slime_altar_1,
          minivault_23
Swamp:1:  layout_basic_swamp, evilmike_swamp_ruin_house_4
Swamp:2:  layout_falls_marsh, hangedman_swamp_cone
Swamp:3:  layout_basic_swamp, evilmike_swamp_ruin_house_6
Swamp:4:  swamp_alternative, layout_basic_swamp, swamp_pool3,
          infiniplex_staircase_pool_2, uniq_mara
Snake:1:  layout_onion, serial_shops, shop
Snake:2:  layout_misc_corridors, basic_altar
Snake:3:  layout_misc_corridors, basic_altar, grunt_megastairs_2, uniq_nikola,
          uniq_saint_roka, uniq_aizul, uniq_vashnia, uniq_roxanne
Snake:4:  snake_pit, layout_cave_town, minmay_shoptagon, uniq_louise
Orc:1:    cheibrodos_orc_arena, layout_diamond_mine, basic_altar, sword_in_stone
Orc:2:    grunt_orc_tribal_feast, layout_caves
Elf:1:    eino_elf_arrival_customs, layout_loops_corners,
          hangedman_elf_represent
Elf:2:    layout_geoelf_octagon, basic_altar
Elf:3:    minmay_elf_hall_spiked, layout_geoelf_grid, serial_shops,
          nicolae_shop_trees
Vaults:1: v_rooms_1, nicolae_vaults_three_branches, hangedman_vaults_maws,
          vaults_dpeg_cross, nicolae_vaults_shelves_hall,
          hangedman_vaults_locks, nicolae_vaults_little_squares_4, v_misc_33,
          vaults_room_grid, vaults_room_door_ring,
          ontoclasm_vaults_loading_screen, vaults_dpeg_encased_lava,
          nicolae_vaults_what_the_h, ontoclasm_vaults_pinch,
          nicolae_vaults_little_ls, layout_vaults_omnicross, serial_shops,
          nicolae_shop_statue_plus
Abyss:3:  base: D:6, evilmike_abyss_rune_elephants_shrine,
          evilmike_nicolae_abyss_rune_containment_curve,
          evilmike_nicolae_abyss_rune_containment_curve,
          small_statue_intersection, abyss_greek_temple, base: Orc:2,
          kilobyte_mutagenic_chamber, hangedman_grunt_abyss_rune_horror_hoard

Skill      XL: |  1  2  3  4  5  6  7  8  9 10 11 12 13 14 15 16 17 18 19 20 |
---------------+-------------------------------------------------------------+-----
Shields        | 3 4 5 6 8 9 10 11 12 13 14 15 16 18 | 18.4
Fighting       | 4 6 9 |  9.4
Axes           | 2 3 4 5 7 8 9 11 12 13 14 15 16 17 18 19 20 | 20.4
Invocations    | 1 7 9 11 13 15 17 18 20 | 20.0
Dodging        | 5 11 13 14 | 14.0
Armour         | 7 |  7.5

Action                   |  1- 3 |  4- 6 |  7- 9 | 10-12 | 13-15 | 16-18 | 19-21 || total
-------------------------+-------+-------+-------+-------+-------+-------+-------++-------
Melee: War axe           |   100 |   144 |       |   177 |   347 |       |       ||   768
       Kick              |       |    68 |    90 |   401 |   991 |   562 |   398 ||  2510
       Spear             |       |   155 |   323 |   839 |  1504 |       |       ||  2821
       Dagger            |       |       |       |   133 |    51 |       |       ||   184
       Broad axe         |       |       |       |       |   258 |  1653 |  1221 ||  3132
       Unarmed           |       |       |       |       |       |       |     8 ||     8
Throw: Throwing net      |       |       |       |       |     2 |       |       ||     2
Invok: Heroism           |       |       |     1 |    12 |    14 |     9 |     7 ||    43
       Finesse           |       |       |       |       |     5 |     1 |     2 ||     8
Evoke: Wand              |       |       |       |     2 |    12 |    10 |       ||    24
       Lightning rod     |       |       |       |       |       |       |     1 ||     1
  Use: Potion            |       |     1 |       |     3 |     5 |     6 |     2 ||    17
       Scroll            |       |       |     9 |    11 |    16 |    14 |     2 ||    52
 Stab: Held in net/web   |       |       |       |       |     1 |       |       ||     1
       Sleeping          |       |       |       |       |       |    10 |       ||    10
       Invisible         |       |       |       |       |       |     4 |       ||     4
Armor: Scale mail        |    52 |       |       |       |       |       |       ||    52
       Plate armour      |     2 |   216 |   147 |   534 |   537 |   638 |   357 ||  2431
Dodge: Dodged            |    31 |    32 |    27 |   181 |   167 |   189 |   223 ||   850
Block: Kite shield       |    57 |   156 |   130 |   599 |   514 |       |       ||  1456
       Tower shield      |       |       |       |       |  1212 |  2154 |  1190 ||  4556
       Reflection        |       |       |       |       |    24 |   232 |    76 ||   332

Table legend: (Time is in decaauts)
 A = Elapsed time spent in this place.
 B = Non-inter-level travel time spent in this place.
 C = Inter-level travel time spent in this place.
 D = Time resting spent in this place.
 E = Time spent auto-exploring this place.
 F = Levels seen in this place.
 G = Mean time per level.
                   A        B        C        D        E       F      G
               +--------+--------+--------+--------+--------+-----+--------+
         Total |  65222 |  62551 |   2671 |  17746 |  33588 |  40 | 1630.6 |
       Dungeon |  21792 |  20674 |   1118 |   4133 |  12842 |  15 | 1452.8 |
        Temple |    186 |    184 |      2 |      0 |    169 |   1 |  186.0 |
          Lair |  14594 |  13845 |    749 |   5166 |   6661 |   6 | 2432.3 |
         Swamp |   7411 |   7227 |    184 |   2223 |   3779 |   4 | 1852.8 |
     Snake Pit |   8869 |   8735 |    134 |   2085 |   5245 |   4 | 2217.2 |
  Orcish Mines |   3989 |   3773 |    216 |   1737 |   1429 |   2 | 1994.5 |
   Elven Halls |   6271 |   6006 |    265 |   2371 |   2269 |   3 | 2090.3 |
        Vaults |   1468 |   1468 |      0 |     28 |    928 |   1 | 1468.0 |
         Abyss |    256 |    256 |      0 |      0 |      0 |   3 |   85.3 |
         Sewer |    383 |    383 |      0 |      0 |    265 |   1 |  383.0 |
               +--------+--------+--------+--------+--------+-----+--------+

Top non-repeatable levels by time:
  Lair:6: 3339 daAuts
   Elf:3: 3052 daAuts
  Lair:1: 2916 daAuts
 Snake:3: 2864 daAuts
   Orc:1: 2657 daAuts
  Lair:2: 2596 daAuts
    D:11: 2557 daAuts
 Swamp:2: 2358 daAuts
    D:14: 2256 daAuts
 Snake:4: 2210 daAuts
     D:9: 2152 daAuts
  Lair:4: 2136 daAuts
 Swamp:3: 2023 daAuts
  Lair:3: 2018 daAuts
 Snake:1: 2007 daAuts
